 Dungeon Crawl Stone Soup version 0.21.1-1-g345015f (webtiles) character file.

191 shakethe the Skirmisher (level 5, -7/42 HPs)
             Began as a Demonspawn Fighter on Feb 21, 2018.
             Mangled by an ogre
             ... wielding a +0 giant spiked club
              (18 damage)
             ... on level 4 of the Dungeon.
             The game lasted 00:03:21 (2578 turns).

shakethe the Skirmisher (Demonspawn Fighter)        Turns: 2578, Time: 00:03:22

Health: -7/42      AC: 11    Str: 16    XL:     5   Next: 42%
Magic:  5/5        EV:  5    Int: 11    God:
Gold:   139        SH:  9    Dex: 12    Spells: 4/4 levels left

rFire    . . .     SeeInvis .   a - +0 war axe
rCold    + . .     Gourm    .   c - +0 shield
rNeg     . . .     Faith    .   r - +0 chain mail
rPois    .         Spirit   .   (no helmet)
rElec    .         Reflect  .   (no cloak)
rCorr    .         Harm     .   o - +0 pair of gloves
MR       .....                  b - +0 pair of boots
Stlth    ..........             (no amulet)
HPRegen  0.14/turn              k - ring of protection from cold {rC+, !d}
MPRegen  0.09/turn              (no ring)

@: no status effects
A: powered by death 1, spiny 2, sturdy frame 1
a: no special abilities


You were on level 4 of the Dungeon.
You were very hungry.

You visited 1 branch of the dungeon, and saw 4 of its levels.

You collected 139 gold pieces.

Inventory:

Hand Weapons
 a - a +0 war axe (weapon)
Armour
 b - a +0 pair of boots (worn)
   (You found it on level 3 of the Dungeon)
 c - a +0 shield (worn)
 o - a +0 pair of gloves (worn)
   (You found it on level 2 of the Dungeon)
 r - a +0 chain mail (worn)
   (You found it on level 2 of the Dungeon)
 s - a +0 plate armour
   (You found it on level 3 of the Dungeon)
Jewellery
 k - a ring of protection from cold (left hand) {rC+, !d}
   (You found it on level 1 of the Dungeon)
 u - an uncursed amulet of faith {unknown}
   (You found it on level 3 of the Dungeon)
Wands
 v - a wand of paralysis (15)
   (You found it on level 3 of the Dungeon)
Scrolls
 d - 2 scrolls of remove curse {unknown}
 e - 4 scrolls of blinking {unknown}
 j - a scroll of magic mapping {unknown}
 m - a scroll of enchant armour {unknown}
 n - 2 scrolls of identify {unknown}
 p - a scroll of enchant weapon {unknown}
 q - a scroll of amnesia {unknown}
 t - a scroll of immolation {unknown}
Potions
 h - a potion of degeneration {unknown}
 i - 2 potions of lignification {unknown}
 l - 2 potions of curing {unknown}
 w - 3 potions of haste {unknown}
Comestibles
 f - 6 rations


   Skills:
 + Level 4.1 Fighting
 + Level 3.1 Axes
 + Level 3.7 Armour
 - Level 3.3 Shields


You had 4 spell levels left.
You didn't know any spells.

Dungeon Overview and Level Annotations

Branches:
Dungeon (4/15)
 Temple: D:4-7

Altars:
Gozag
Ru
Trog


Innate Abilities, Weirdness & Mutations

You regenerate a little health from kills.
You are mostly covered in sharp spines.
Your movements are slightly less encumbered by armour. (ER -2)


Message History

Done exploring.
No target in view!
No target in view!
No target in view!
No target in view!
No target in view!
No target in view!
No target in view!
No target in view!
No target in view!
No target in view!
Done exploring.
Done exploring.
Done exploring.
Done exploring.
Done exploring.
You see here a stone.
There is a stone staircase leading down here.
You climb downwards.
There is a stone staircase leading up here.
An ogre comes into view. It is wielding a giant spiked club.
The ogre shouts!
You hear a shout!
An ogre comes into view. It is wielding a giant spiked club.
An ogre comes into view. It is wielding a giant club.
The ogre shouts!
There is a stone staircase leading up here.
You block the ogre's attack.
You climb upwards.
There is a stone staircase leading down here.
Sorry, you're not good enough to have a special ability.
You feel very mighty all of a sudden.
You slash the ogre! The ogre is struck by your spines.
The ogre barely misses you. x2
You slash the ogre!
You kill the ogre!
Your Fighting skill increases to level 4!
Your Axes skill increases to level 3!
You have reached level 5!
Your demonic ancestry asserts itself...
Sharp spines emerge from more of your body.
Health restored: 42; MP restored: 5
There is a stone staircase leading down here.
You climb downwards.
There is a stone staircase leading up here.
d - a scroll labeled ONUYVO REONEOJ
There are no items here.
As you open the door, it creaks loudly!
There is an open door here.
d - 2 scrolls labeled ONUYVO REONEOJ (gained 1)
You open the door.
There is an open door here.
Found a stone staircase leading up.
w - 3 cyan potions (gained 1)
There is a stone staircase leading up here.
You feel a little less mighty now.
A jackal comes into view.
Your shield and chain mail prevent you from hitting the jackal.
The jackal bites you but does no damage.
You hit the jackal. You block the jackal's attack. x2
The jackal is struck by your spines.
You kill the jackal!
A jackal comes into view.
The jackal barks!
A jackal is nearby!
The jackal is struck by your spines.
The jackal bites you but does no damage.
You closely miss the jackal. The jackal is struck by your spines.
The jackal bites you.
The jackal bites you but does no damage.
You take 1 damage, and have 41/42 hp.
Your shield prevents you from hitting the jackal.
You block the jackal's attack. x2
You hit the jackal but do no damage.
You are feeling very hungry.
You block the jackal's attack.
The jackal bites you but does no damage.
You hit the jackal but do no damage. You block the jackal's attack.
The jackal is struck by your spines. The jackal barely misses you.
Health restored: 42 You slash the jackal!
You kill the jackal!
A leopard gecko comes into view.
The leopard gecko hisses angrily.
You see here a silvery potion.
You slash the leopard gecko!
You kill the leopard gecko!
You now have 139 gold pieces (gained 11).
l - 2 silvery potions (gained 1)
There is a shaft here.
The ogre shouts!
You slash the ogre! The ogre is struck by your spines.
The ogre hits you with a giant spiked club!
You take 16 damage, and have 26/42 hp.
MASSIVE DAMAGE!!
You slash the ogre!
The ogre hits you with a giant spiked club!
* * * LOW HITPOINT WARNING * * *
The ogre is struck by your spines.
The ogre hits you with a giant spiked club!!
You die...

#.#..##.# #.
#....##.# #<
#.#.###.# #.
#.#.# #.# #.
#.#.###.# #.
#.......# #. #
###.##### #.
...##.#######.#
#.
......O@......#
##
.####.#########
#


You could see an ogre.

Vanquished Creatures
  An ogre (D:3)
  3 adders (D:2)
  An ooze (D:2)
  2 worms
  4 dart slugs
  4 leopard geckos
  7 bats
  2 giant cockroaches
  7 goblins
  4 hobgoblins
  13 jackals
  A quokka (D:2)
  2 ball pythons (D:2)
  A frilled lizard (D:2)
  7 kobolds
  2 rats (D:3)
61 creatures vanquished.

Notes
Turn   | Place    | Note
-------+----------+-------------------------------------------
     0 | D:1      | shakethe the Demonspawn Fighter began the quest for the Orb.
     0 | D:1      | Reached XP level 1. HP: 18/18 MP: 1/1
   346 | D:1      | Reached skill level 2 in Axes
   373 | D:1      | Gained mutation: You are partially covered in sharp spines. [demonic ancestry]
   373 | D:1      | Reached XP level 2. HP: 18/24 MP: 2/2
   744 | D:1      | Reached skill level 3 in Shields
   761 | D:2      | Found a bloodstained altar of Trog.
   761 | D:2      | Reached skill level 3 in Armour
   769 | D:2      | Gained mutation: You regenerate a little health from kills. [demonic ancestry]
   769 | D:2      | Reached XP level 3. HP: 19/29 MP: 3/3
   887 | D:2      | Found an opulent altar of Gozag.
  1263 | D:2      | Gained mutation: Your movements are slightly less encumbered by armour. (ER -2) [demonic ancestry]
  1263 | D:2      | Reached XP level 4. HP: 24/35 MP: 4/4
  1707 | D:3      | Found a sacrificial altar of Ru.
  2317 | D:4      | Noticed an ogre
  2318 | D:4      | Noticed an ogre
  2319 | D:4      | Noticed an ogre
  2326 | D:3      | Killed an ogre
  2326 | D:3      | Reached skill level 4 in Fighting
  2326 | D:3      | Reached skill level 3 in Axes
  2326 | D:3      | Gained mutation: You are mostly covered in sharp spines. [demonic ancestry]
  2326 | D:3      | Reached XP level 5. HP: 42/42 MP: 5/5
  2578 | D:4      | Mangled by an ogre

Skill      XL: |  1  2  3  4 |
---------------+-------------+-----
Axes           | 2 3 |  3.1
Shields        | 3 |  3.3
Armour         | 3 |  3.7
Fighting       | 4 |  4.1

Action                   |  1- 3 |  4- 6 || total
-------------------------+-------+-------++-------
Melee: War axe           |    82 |    62 ||   144
  Use: Potion            |       |     1 ||     1
  Eat: Chunk             |     1 |     3 ||     4
Armor: Scale mail        |    51 |     2 ||    53
       Chain mail        |       |    30 ||    30
Dodge: Dodged            |    26 |    16 ||    42
Block: Shield            |    36 |    32 ||    68

Vault maps used:
D:1:      minmay_arrival_split_and_join, minivault_23
D:2:      bloody_trog, grunt_gozag_breadcrumbs
D:3:      old_standard_altar, first_ration
D:4:      minmay_small_thing

Table legend:
 A = Turns spent in this place as a percentage of turns spent in the entire game.
 B = Non-inter-level travel turns spent in this place as a percentage of non-inter-level travel turns spent in the entire game.
 C = Inter-level travel turns spent in this place as a percentage of turns spent in this place.
 D = Turns resting spent in this place as a percentage of non-inter-level travel turns spent in this place.
 E = Turns spent auto-exploring this place as a percentage of non-inter-level travel turns spent in this place.
 F = Non-inter-level travel turns spent in this place divided by the number of levels of this place that you've seen.
                   A       B       C       D       E      F
               +-------+-------+-------+-------+-------+----------------------
         Total | 100.0 | 100.0 |   3.3 |  17.5 |  65.3 | 623.2
       Dungeon | 100.0 | 100.0 |   3.3 |  17.5 |  65.3 | 623.2
               +-------+-------+-------+-------+-------+----------------------

Table legend:
 A = Kills in this place as a percentage of kills in entire the game.
 B = Kills by you in this place as a percentage of kills by you in the entire game.
 C = Kills by friends in this place as a percentage of kills by friends in the entire game.
 D = Other kills in this place as a percentage of other kills in the entire game.
 E = Experience gained in this place as a percentage of experience gained in the entire game.
 F = Experience gained in this place divided by the number of levels of this place that you have seen.
                   A       B       C       D       E      F
               +-------+-------+-------+-------+-------+----------------------
         Total | 100.0 | 100.0 |   N/A |   N/A | 100.0 |  68.5
       Dungeon | 100.0 | 100.0 |   N/A |   N/A | 100.0 |  68.5
               +-------+-------+-------+-------+-------+----------------------
